Cogmind - Beta 15 @@@ ROGUE MODE // 2025.10.11 @ 18:04:22 Player: shapeshifter Result: Destroyed by G-47 Trooper with Particle Gun Performance ------------- Evolutions (2) 1000 Regions Visited (8) 1600 Robots Destroyed (112) 560 Value Destroyed (4573) 4573 Prototype IDs (32) 640 Alien Tech Used (0) 0 Bonus (853) 853 TOTAL SCORE: 9226 Bonus ------- High Alert Combat Kills 243 Follower Combat Kills 110 Entered Garrisons 200 Aligned with FarCom 300 Cogmind --------- Core Integrity 0/550 Matter 300/300 Energy 265/280 System Corruption 5% Temperature Cool (27) Movement Rolling (100) Location -8/Garrison Parts ------- > --- POWER (1) -------- Heavy Ion Engine > --- PROPULSION (2) --- Armored Huge Wheel > --- UTILITY (6) ------ Improved Heat Sink Lightpack 2.0 Machine Analyzer Transmission Jammer > --- WEAPON (2) ------- Advanced Beam Cannon Advanced Beam Cannon > --- INVENTORY (40) --- Heavy Ion Engine Compact Wheel Armored Huge Wheel Improved Heat Sink Improved Heat Sink Advanced Heat Sink Trap Scanner Weapon Cycler Relay Coupler [NC] Relay Coupler [NC] Relay Coupler [Grunt] (21) Relay Coupler [Grunt] (26) Relay Coupler [Brawler] (28) Relay Coupler [Brawler] (24) Relay Coupler [Sentry] (23) Relay Coupler [Sentry] (24) Relay Coupler [Specialist] (22) Relay Coupler [Hunter] (12) Relay Coupler [Hunter] (12) Trap Reconfigurator Supersonic Drone Bay (1/1) Plasma Cannon Plasma Cannon Plasma Cannon Heavy Rocket Launcher Heavy Rocket Launcher Heavy Rocket Launcher Peak State ------------ > --- POWER ------------ Cooled Ion Engine > --- PROPULSION ------- Armored Huge Wheel > --- UTILITY ---------- Lightpack 2.0 Transmission Jammer Improved Propulsion Shielding Improved Light Armor Plating > --- WEAPON ----------- Enhanced Autogun Enhanced Autogun > --- INVENTORY -------- Heavy Ion Engine Heavy Ion Engine Armored Huge Wheel Armored Huge Wheel Armored Huge Wheel Trap Scanner Machine Analyzer Weapon Cycler Transmission Jammer Improved Weapon Shielding Improved Weapon Shielding Trap Reconfigurator Supersonic Drone Bay Improved Medium Laser Improved Medium Laser Improved Medium Laser Improved Medium Laser Advanced Beam Cannon Advanced Beam Cannon Plasma Cannon Plasma Cannon Plasma Cannon Heavy Rocket Launcher Heavy Rocket Launcher Heavy Rocket Launcher Heavy Rocket Launcher Plasma Cutter [Rating: 70] Favorites ----------- Power Improved Ion Engine Engine Improved Ion Engine Power Core Nuclear Core Propulsion Improved Treads Treads Improved Treads Leg Aluminum Leg Wheel Wheel Utility Large Storage Unit Device Heat Sink Storage Large Storage Unit Processor Machine Analyzer Protection Hardened Light Armor Plating Weapon Improved Assault Rifle Energy Gun Small Laser Energy Cannon Advanced Beam Cannon Ballistic Gun Improved Assault Rifle Launcher Grenade Launcher Special Weapon Plasma Cutter Build | -11 -10 -10 -9 -9 -9 -8 -8 -8 ------- Run | Yrd Mat Min Mat Min Exi Min Mat Gar Slots Evolved 4 | . . . 2 . . . 2 . Power . | . . . . . . . . . Propulsion . | . . . . . . . . . Utility 4 | . . . 2 . . . 2 . Weapon . | . . . . . . . . . Parts Attached 83 | 7 6 . 21 7 3 . 28 11 Power 10 | 1 1 . 2 1 . . 4 1 Engine 9 | 1 1 . 2 1 . . 3 1 Core 1 | . . . . . . . 1 . Reactor . | . . . . . . . . . Propulsion 22 | 2 3 . 8 4 . . 4 1 Treads 11 | 2 3 . 2 2 . . 2 . Leg 2 | . . . 2 . . . . . Wheel 9 | . . . 4 2 . . 2 1 Hover . | . . . . . . . . . Flight . | . . . . . . . . . Utility 27 | 2 1 . 4 1 3 . 10 6 Device 14 | 1 . . 3 1 2 . 4 3 Storage 5 | 1 1 . . . 1 . 2 . Processor 1 | . . . . . . . . 1 Hackware . | . . . . . . . . . Protection 7 | . . . 1 . . . 4 2 Artifact . | . . . . . . . . . Weapon 24 | 2 1 . 7 1 . . 10 3 Energy Gun 7 | 1 . . 2 . . . 2 2 Energy Cannon 4 | . . . 1 . . . 3 . Ballistic Gun 11 | 1 1 . 3 1 . . 4 1 Ballistic Cannon . | . . . . . . . . . Launcher 1 | . . . 1 . . . . . Special Weapon 1 | . . . . . . . 1 . Impact Weapon . | . . . . . . . . . Slashing Weapon . | . . . . . . . . . Piercing Weapon . | . . . . . . . . . Special Melee Weapon . | . . . . . . . . . Unidentified Prototypes 7 | . . . 2 . . . 5 . Parts Lost 27 | . 1 . 9 4 . . 6 7 Power 3 | . . . 1 1 . . . 1 Propulsion 7 | . 1 . 4 1 . . 1 . Utility 12 | . . . 2 1 . . 4 5 Weapon 5 | . . . 2 1 . . 1 1 Highest Loss Streak 4 | . 1 . 3 4 . . 1 2 To Critical Strikes . | . . . . . . . . . Average Backups 14 | 3 7 7 7 12 12 9 18 28 Power . | . 1 2 1 . . . . 1 Propulsion 2 | 1 2 2 . 2 2 2 2 1 Utility 6 | . 2 3 2 3 4 4 9 14 Weapon 4 | . . . 2 5 5 3 5 9 Tool/Special . | . . . . . . . . . Unused Backups 50 | . 2 . 3 . 5 . 11 29 Power 2 | . 1 . . . . . 1 . Propulsion 8 | . . . 1 . . . 5 2 Utility 25 | . . . . . 3 . 3 19 Weapon 15 | . 1 . 2 . 2 . 2 8 Tool/Special . | . . . . . . . . . Average Slot Usage (%) 81 | . 99 100 82 79 55 88 83 65 Engine 8 | . 14 14 10 10 11 11 4 8 Core 1 | . . . . . . . 4 . Treads 13 | . 27 28 3 21 22 22 9 . Wheel 4 | . . . 10 . . . 5 9 Device 17 | . 14 14 23 10 11 22 21 12 Storage 10 | . 14 14 11 11 11 11 9 9 Protection 4 | . . . . 4 . . 10 7 Energy Gun 2 | . 14 14 2 . . . . 1 Energy Cannon 2 | . . . . . . . 4 9 Ballistic Gun 12 | . 14 14 15 21 . 22 12 6 Peak Build Rating 70 | 7 9 9 19 16 27 27 68 70 Average Rating 29 | 5 8 9 12 15 11 27 44 66 On Entrance 19 | . 7 9 9 16 11 27 27 66 Naked Turns . | . . . . . . . . . Heaviest Build 69 | 11 30 30 37 37 38 38 69 25 Greatest Support 46 | 40 40 40 40 46 46 46 46 28 Greatest Overweight (x) 7 | . . . 7 . . . 3 . Average Overweight (x) . | . . . 1 . . . . . Largest Inventory Capacity 40 | 8 15 15 15 15 15 15 40 40 Average Capacity 20 | 7 9 15 15 15 15 15 25 40 Most Carried 35 | 7 8 8 15 15 15 11 33 35 Average Carried 15 | 3 7 7 7 12 14 11 21 29 Final Capacity 40 | 8 15 15 15 15 15 15 40 40 Final Carried 31 | 6 7 8 14 15 11 11 31 28 Class Distribution -------------------- 67% | Mutant 21% | Hauler-Mutant 10% | Scavenger-Mutant Dominant Class ---------------- Mutant | -10/Materials Mutant | -10/Mines Scavenger-Mutant | -9/Materials Mutant | -9/Mines Mutant | -9/Exiles Mutant | -8/Mines Mutant | -8/Materials Hauler-Mutant | -8/Garrison Resources | -11 -10 -10 -9 -9 -9 -8 -8 -8 ----------- Run | Yrd Mat Min Mat Min Exi Min Mat Gar Matter Collected 3536 | 279 126 . 958 500 . 81 1116 476 Remotely 461 | . . . 461 . . . . . Salvage Created 4891 | 94 660 . 1062 308 . . 1846 921 Parts 243 | 4 43 . 51 20 . . 82 43 Haulers Intercepted 7 | . 2 . 2 . . . 3 . Recyclers Shooed 2 | . . . 1 . . . 1 . Parts Field Recycled . | . . . . . . . . . Retrieved Matter . | . . . . . . . . . Parts Self-Destructed . | . . . . . . . . . Prevented . | . . . . . . . . . Kills | -11 -10 -10 -9 -9 -9 -8 -8 -8 ------- Run | Yrd Mat Min Mat Min Exi Min Mat Gar Combat Hostiles Destroyed 79 | . 14 . 15 7 . . 25 18 Guns 59 | . 14 . 12 7 . . 17 9 Cannons 15 | . . . . . . . 6 9 AOE 5 | . . . 3 . . . 2 . Classes Destroyed 14 | 2 4 . 5 1 . . 1 1 Worker 7 | . . . 2 . . . 5 . Builder 2 | . . . 1 1 . . . . Tunneler 3 | 1 . . . 1 . . 1 . Hauler 7 | . 2 . 2 . . . 3 . Recycler 6 | 1 . . 2 . . . 3 . Mechanic 2 | . . . 1 . . . 1 . Watcher 6 | . 2 . 2 . . . 2 . Swarmer 3 | . 3 . . . . . . . Grunt 54 | . 11 . 12 6 . . 14 11 Brawler 1 | . . . 1 . . . . . Sentry 16 | . . . 3 . . . 8 5 Hunter 3 | . . . . . . . 3 . Programmer 2 | . . . . . . . . 2 Assembled 1 | . . . . 1 . . . . Best Kill Streak 6 | 1 6 . 5 3 . . 5 3 Combat Bots Only 6 | . 6 . 3 3 . . 3 3 Max Kills in Single Turn 3 | 1 1 . 2 1 . . 3 1 Gunslinging 1 | . . . 1 . . . . . Exploded 2 | . . . 2 . . . 2 . Melee . | . . . . . . . . . Uniques/NPCs Destroyed . | . . . . . . . . . Combat | -11 -10 -10 -9 -9 -9 -8 -8 -8 -------- Run | Yrd Mat Min Mat Min Exi Min Mat Gar Hostile Shots Fired 543 | . 123 . 85 41 . . 175 119 Missed 130 | . 32 . 17 9 . . 46 26 Hits 413 | . 91 . 68 32 . . 129 93 Projectile 413 | . 91 . 68 32 . . 129 93 AOE 9 | . . . . 9 . . . . Critical Strikes 9 | . . . 2 1 . . 4 2 Part Disruptions 1 | . . . . . . . . 1 Actively Blocked 1 | . . . . . . . . 1 Damage Taken 6197 | . 1022 . 950 644 . . 2164 1417 Core 1141 | . 206 . 229 156 . . 259 291 Absorbed by Shields 4 | . . . . . . . . 4 Redirected to Shielding 254 | . . . . . . . . 254 Core Remaining (%) 40 | 100 . 17 . . . 3 . . Volleys Fired 405 | 9 74 . 82 18 . . 145 77 Largest 2 | 2 2 . 2 2 . . 2 2 Hottest 136 | 60 60 . 63 46 . . 136 136 Shots Fired 782 | 18 147 . 144 37 . . 285 151 Gun 631 | 18 147 . 137 37 . . 207 85 Cannon 144 | . . . . . . . 78 66 Launcher 7 | . . . 7 . . . . . Special . | . . . . . . . . . Kinetic 530 | 9 74 . 124 37 . . 207 79 Thermal 245 | 9 73 . 13 . . . 78 72 Explosive 7 | . . . 7 . . . . . Electromagnetic . | . . . . . . . . . Robot Hit Streak 16 | 5 7 . 16 7 . . 11 16 Robot Miss Streak 5 | 2 5 . 5 2 . . 5 3 Penetration Max 1 | . . . . . . . 1 . Secondary Targets 9 | . 3 . 1 3 . . 1 1 Max Gunslinging Chain 1 | . 1 . 1 1 . . 1 1 Shots Hit Robots 485 | 10 87 . 97 28 . . 175 88 Core Hits 201 | 3 39 . 46 13 . . 69 31 Critical Kills 3 | . 1 . . . . . 2 . Critical Parts Destroyed 3 | . . . 1 . . . 2 . Critical Strikes 6 | . 1 . 1 . . . 4 . Destroy 6 | . 1 . 1 . . . 4 . Melee Attacks . | . . . . . . . . . Impact . | . . . . . . . . . Slashing . | . . . . . . . . . Piercing . | . . . . . . . . . Sneak Attacks . | . . . . . . . . . Combat Hostiles . | . . . . . . . . . Follow-up Attacks . | . . . . . . . . . Damage Inflicted 8610 | 116 873 . 1568 453 . . 3767 1833 Guns 6039 | 116 864 . 1277 453 . . 2313 1016 Cannons 1863 | . . . . . . . 1046 817 Explosions 699 | . . . 291 . . . 408 . Melee . | . . . . . . . . . Ramming 9 | . 9 . . . . . . . Kinetic 5343 | 40 350 . 1223 453 . . 2313 964 Thermal 2967 | 76 514 . 54 . . . 1454 869 Explosive 291 | . . . 291 . . . . . Electromagnetic . | . . . . . . . . . Impact . | . . . . . . . . . Slashing . | . . . . . . . . . Piercing . | . . . . . . . . . Highest Corruption 5 | . . . 5 5 5 5 2 5 Average Corruption 3 | . . . 5 5 5 5 2 3 Corruption Purged . | . . . . . . . . . Corruption Blocked . | . . . . . . . . . Effects 70 | . . . 4 21 13 7 9 16 Message Errors 15 | . . . 1 4 3 3 1 3 Matter Fused 14 | . . . 1 6 5 1 1 . Heat Flow Errors 9 | . . . . 2 3 . . 4 Energy Discharges 12 | . . . 1 3 1 1 2 4 Parts Rejected 4 | . . . . . . . 2 2 Parts Fused 1 | . . . . . . 1 . . Data Loss (minor) 6 | . . . . 3 1 . 2 . Data Loss (major) 4 | . . . 1 1 . . . 2 Misfires 3 | . . . . 2 . . 1 . Alerts 1 | . . . . . . 1 . . Weapon Failures 1 | . . . . . . . . 1 Overload Shots . | . . . . . . . . . Overflow Damage 82 | . . . 6 . . . 55 21 Projectiles 57 | . . . . . . . 36 21 Explosions 25 | . . . 6 . . . 19 . Melee . | . . . . . . . . . Knockbacks . | . . . . . . . . . Impact . | . . . . . . . . . Kinetic . | . . . . . . . . . Secondary . | . . . . . . . . . Self-Inflicted Damage 115 | . . . 78 . . . 37 . Shots 5 | . . . 4 . . . 1 . Rammed 1 | . 1 . . . . . . . Targets Rammed 1 | . 1 . . . . . . . Kicked . | . . . . . . . . . Crushed . | . . . . . . . . . Highest Temperature 339 | 40 191 . 58 142 229 . 51 339 Average Temperature 56 | 19 65 . 12 30 97 . 14 82 Received Heat Transfer 2370 | . 507 . 378 192 . . 702 591 Effects 2 | . . . . . . . . 2 Interference 2 | . . . . . . . . 2 Siege Activations . | . . . . . . . . . Martial Activations . | . . . . . . . . . Shielding Activations . | . . . . . . . . . Robots Disrupted . | . . . . . . . . . Combat Hostiles . | . . . . . . . . . Robots Corrupted . | . . . . . . . . . Combat Hostiles . | . . . . . . . . . Parts Fried . | . . . . . . . . . Impact Corruptions . | . . . . . . . . . Robots Melted . | . . . . . . . . . Combat Hostiles . | . . . . . . . . . Parts Melted 3 | . . . 1 . . . 1 1 Heat Transferred 4956 | 175 1150 . 125 . . . 2026 1480 Parts Sabotaged . | . . . . . . . . . Parts Stolen . | . . . . . . . . . Parts Stripped . | . . . . . . . . . Power Chain Reactions . | . . . . . . . . . Alert | -11 -10 -10 -9 -9 -9 -8 -8 -8 ------- Run | Yrd Mat Min Mat Min Exi Min Mat Gar Maximum Alert Level 3 | . . . . . . . 2 3 Low Security (%) 73 | 100 100 100 100 100 . 100 64 . Level 1 14 | . . . . . . . 30 19 Level 2 9 | . . . . . . . 4 59 Level 3 2 | . . . . . . . . 20 Level 4 . | . . . . . . . . . Level 5 . | . . . . . . . . . High Security . | . . . . . . . . . Max Security . | . . . . . . . . . Peak Influence 950 | 5 154 37 78 90 . . 445 950 Initial 278 | . . 37 . 25 . . . 278 Average 144 | . 57 9 31 32 . . 143 564 Influence Increases 2831 | 10 485 . 478 245 . . 871 742 Destroy 0b10 Robot/C 1640 | . 280 . 300 200 . . 500 360 Destroy 0b10 Robot/NC 170 | 10 20 . 55 10 . . 75 . Destroy Leader 356 | . 78 . 68 30 . . 170 10 Allied During Kill 5 | . . . . 5 . . . . Successful Hack 96 | . 47 . 9 . . . 10 30 Select Force Hacks 60 | . 60 . . . . . . . Disable Machine 90 | . . . 15 . . . 75 . Anti-Garrison Action 250 | . . . . . . . . 250 Destroy Structure 149 | . . . 31 . . . 26 92 Lose Combat Pursuer 15 | . . . . . . . 15 . Influence Decreases 1881 | 10 389 96 413 310 . . 443 220 Entered New Map 249 | . . 59 . 40 . . . 150 Time Decay 1388 | 10 379 37 320 240 . . 402 . Lost Part 201 | . 10 . 80 . . . 41 70 Lost Ally 43 | . . . 13 30 . . . . Squads Dispatched 10 | . 4 . . 1 . . 5 . Investigation 3 | . 2 . . . . . 1 . Extermination . | . . . . . . . . . Reinforcement 6 | . 2 . . . . . 4 . Assault 1 | . . . . 1 . . . . Garrison . | . . . . . . . . . Intercept . | . . . . . . . . . Searches Triggered . | . . . . . . . . . Construction Impeded . | . . . . . . . . . Haulers Reinforced . | . . . . . . . . . Active Scanning Responses . | . . . . . . . . . Cargo Convoy Interrupts . | . . . . . . . . . Stealth | -11 -10 -10 -9 -9 -9 -8 -8 -8 --------- Run | Yrd Mat Min Mat Min Exi Min Mat Gar Distress Signals 9 | . 3 . 1 1 . . 4 . Communications Jammed 20 | . . . . . . . 20 . Distress Signals 19 | . . . . . . . 19 . Times Spotted 137 | . 29 . 22 10 . . 53 23 Peak Tracking Total 6 | . 6 . 5 3 . . 5 3 Tactical Retreats 1 | . . . . . . . 1 . Traps | -11 -10 -10 -9 -9 -9 -8 -8 -8 ------- Run | Yrd Mat Min Mat Min Exi Min Mat Gar Traps Triggered 7 | . . . 1 . . . 1 5 Indirectly . | . . . . . . . . . Trap Hack Attempts . | . . . . . . . . . Triggered . | . . . . . . . . . Disarmed . | . . . . . . . . . Reprogrammed . | . . . . . . . . . Reused . | . . . . . . . . . Traps Extracted . | . . . . . . . . . Installed . | . . . . . . . . . Triggered . | . . . . . . . . . Machines | -11 -10 -10 -9 -9 -9 -8 -8 -8 ---------- Run | Yrd Mat Min Mat Min Exi Min Mat Gar Machines Disabled 14 | . . . 2 . . . 5 7 Max in Single Turn 2 | . . . 1 . . . 2 2 Garrison Relay 3 | . . . . . . . . 3 Phase Generator 1 | . . . . . . . . 1 Machines Repaired . | . . . . . . . . . Machines Dismantled . | . . . . . . . . . Machines Sabotaged . | . . . . . . . . . Overloaded Fab Kills . | . . . . . . . . . Hacking | -11 -10 -10 -9 -9 -9 -8 -8 -8 --------- Run | Yrd Mat Min Mat Min Exi Min Mat Gar Machines Accessed 29 | . 9 . 5 . 2 . 11 2 Terminals 22 | . 7 . 5 . . . 8 2 Fabricators . | . . . . . . . . . Repair Stations . | . . . . . . . . . Recycling Units 4 | . 2 . . . . . 2 . Scanalyzers . | . . . . . . . . . Garrison Access 1 | . . . . . . . 1 . Total Hacks 77 | . 27 . 15 . 2 . 29 4 Successful 41 | . 15 . 9 . 2 . 13 2 Failed 36 | . 12 . 6 . . . 16 2 Catastrophic 5 | . 2 . 1 . . . 2 . Database Lockouts . | . . . . . . . . . Manual 60 | . 19 . 16 . 1 . 24 . Terminals 65 | . 23 . 15 . . . 23 4 Fabricators . | . . . . . . . . . Repair Stations . | . . . . . . . . . Recycling Units 9 | . 4 . . . . . 5 . Scanalyzers . | . . . . . . . . . Garrison Access 1 | . . . . . . . 1 . Terminal Hacks 12 | . 4 . 2 . 2 . 2 2 Record 1 | . . . . . 1 . . . Robot Analysis 1 | . 1 . . . . . . . Prototype ID Bank 1 | . 1 . . . . . . . Branch Access Points 1 | . . . 1 . . . . . Zone Layout 5 | . 2 . 1 . . . 2 . Garrison Registry 1 | . . . . . . . . 1 Security Stations 1 | . . . . . . . . 1 Proto ID Catalog 1 | . . . . . 1 . . . Fabricator Hacks . | . . . . . . . . . Repair Station Hacks . | . . . . . . . . . Recycling Unit Hacks 3 | . 1 . . . . . 2 . Retrieve Components 3 | . 1 . . . . . 2 . Scanalyzer . | . . . . . . . . . Garrison Access Hacks 1 | . . . . . . . 1 . Unlock Access 1 | . . . . . . . 1 . Unauthorized Hacks 25 | . 10 . 7 . . . 8 . Terminals 23 | . 8 . 7 . . . 8 . Assimilate 1 | . . . . . . . 1 . Botnet 6 | . 2 . 2 . . . 2 . Skim 16 | . 6 . 5 . . . 5 . Fabricators . | . . . . . . . . . Repair Stations . | . . . . . . . . . Recycling Units 2 | . 2 . . . . . . . Tunnel 2 | . 2 . . . . . . . Scanalyzers . | . . . . . . . . . Garrison Access . | . . . . . . . . . Data Cores Recovered 1 | . . . 1 . . . . . Used . | . . . . . . . . . Hacking Detections 23 | . 8 . 5 . . . 9 1 Full Trace Events 1 | . . . . . . . 1 . Feedback Events . | . . . . . . . . . Feedback Blocked . | . . . . . . . . . Robot Schematics Acquired . | . . . . . . . . . Robots Built . | . . . . . . . . . Authchips . | . . . . . . . . . Time . | . . . . . . . . . Total Robot Build Rating . | . . . . . . . . . Part Schematics Acquired . | . . . . . . . . . Parts Built . | . . . . . . . . . Authchips . | . . . . . . . . . Time . | . . . . . . . . . Total Part Build Rating . | . . . . . . . . . Parts Repaired . | . . . . . . . . . Time . | . . . . . . . . . Parts Recycled . | . . . . . . . . . Recycled Matter . | . . . . . . . . . Retrieved Matter . | . . . . . . . . . Retrieved Components 9 | . . . . . . . 9 . Parts Scanalyzed . | . . . . . . . . . Part Schematics Acquired . | . . . . . . . . . Parts Damaged . | . . . . . . . . . Bothacking | -11 -10 -10 -9 -9 -9 -8 -8 -8 ------------ Run | Yrd Mat Min Mat Min Exi Min Mat Gar Used RIF Installer . | . . . . . . . . . Robots Hacked . | . . . . . . . . . Non-combat . | . . . . . . . . . Combat . | . . . . . . . . . Robot Hacks Applied . | . . . . . . . . . Relay Couplers Released 16 | . . . . . . . . 16 Machine Destruction 12 | . . . . . . . . 12 Programmers 4 | . . . . . . . . 4 Fabnet Peak Effective % . | . . . . . . . . . Robots Rewired . | . . . . . . . . . Allies Hacked . | . . . . . . . . . Hacks Repelled . | . . . . . . . . . Allies | -11 -10 -10 -9 -9 -9 -8 -8 -8 -------- Run | Yrd Mat Min Mat Min Exi Min Mat Gar Total Allies 6 | . . 3 . 3 . . . . Largest Group 3 | . . 3 3 2 1 1 1 . Highest-Rated Group 56 | . . 40 40 56 31 31 31 . Highest-Rated Ally 31 | . . 16 16 31 31 31 31 . Total Orders . | . . . . . . . . . Ally Attacks 23 | . . . 7 13 . . 3 . Total Damage 347 | . . . 74 231 . . 42 . Kills 5 | . . . 1 4 . . . . Allies Corrupted . | . . . . . . . . . Allies Melted . | . . . . . . . . . Intel | -11 -10 -10 -9 -9 -9 -8 -8 -8 ------- Run | Yrd Mat Min Mat Min Exi Min Mat Gar Active Infowar (turns) 4060 | 11 986 190 569 . . . 1796 508 Terrain 477 | . . . 477 . . . . . Seismic 1279 | 11 986 190 92 . . . . . Machine Analysis 72 | . . . . . . . . 72 Jamming 2304 | . . . . . . . 1796 508 Robot Analysis Total 1 | . 1 . . . . . . . Derelict Logs Recovered . | . . . . . . . . . Drone Launches . | . . . . . . . . . Drone Recoveries . | . . . . . . . . . Exploration | -11 -10 -10 -9 -9 -9 -8 -8 -8 ------------- Run | Yrd Mat Min Mat Min Exi Min Mat Gar Turns Passed 7169 | 146 986 190 872 828 586 256 2442 863 Spaces Moved 3757 | 74 400 119 432 478 357 161 1179 557 Core 19 | 15 . . 4 . . . . . Treads 2125 | 59 400 119 64 466 357 161 499 . Legs 58 | . . . 58 . . . . . Wheels 1555 | . . . 306 12 . . 680 557 Hover . | . . . . . . . . . Flight . | . . . . . . . . . Fastest Speed 50 | 50 160 160 95 80 160 160 100 100 Average Speed 145 | 137 160 160 132 157 160 160 153 100 Slowest Speed 400 | 160 160 160 400 160 160 160 232 100 Overloaded Moves . | . . . . . . . . . Propulsion Burnouts . | . . . . . . . . . Robots Hopped . | . . . . . . . . . Potential Cave-ins . | . . . . . . . . . Cave-ins Triggered . | . . . . . . . . . Exploration Rate (%) 57 | 4 84 39 41 80 68 40 90 69 Regions Visited 8 Branch Regions 4 Pre-discovered Areas 5 | . 2 . 2 . 1 . . . Known Exits Taken 5 | . 1 1 1 . . 1 1 . Unknown Exits Taken 3 | 1 . . . 1 1 . . . Scrap Searched 3 | . . 2 . 1 . . . . Spaces Dug 2 | . . . . . . . 2 . Terrain Destroyed 191 | . . . 34 . . . 31 126 Melee . | . . . . . . . . . Projectile 5 | . . . . . . . 5 . AOE 185 | . . . 34 . . . 25 126 Terrain Rammed . | . . . . . . . . . Walls Destroyed . | . . . . . . . . . Machines Disabled . | . . . . . . . . . Actions | -11 -10 -10 -9 -9 -9 -8 -8 -8 --------- Run | Yrd Mat Min Mat Min Exi Min Mat Gar Total 4798 | 102 617 119 608 519 376 160 1552 745 Wait 292 | . 126 . 24 6 . . 110 26 Move 3750 | 73 399 118 431 477 356 160 1179 557 Hop . | . . . . . . . . . Pick Up 127 | 13 4 1 32 1 5 . 49 22 Fast Attach 9 | . . . . 2 1 . 6 . Attach 68 | 7 1 . 22 7 5 . 13 13 Detach 8 | . . . 1 6 1 . . . Swap 31 | . 5 . 3 . . . 19 4 Drop 69 | . 7 . 13 2 8 . 31 8 Fire 405 | 9 74 . 82 18 . . 145 77 Melee . | . . . . . . . . . Ram . | . . . . . . . . . Kick . | . . . . . . . . . Crush 1 | . 1 . . . . . . . Escape Stasis 38 | . . . . . . . . 38 Rewire . | . . . . . . . . . Trap . | . . . . . . . . . Miscellaneous . | . . . . . . . . . Route ------- -11/Scrapyard -10/Materials (discovered 6 exits: *Mat x3 / *Min x2 / Sub) -10/Mines (discovered 3 exits: *Mat x2 / Sub) -9/Materials (discovered 5 exits: *Mat x3 / *Min x2) -9/Mines (discovered 3 exits: *Mat x2 / *Exi) -9/Exiles -8/Mines -8/Materials (discovered 3 exits: [*Fac x2] / Gar) -8/Garrison (discovered 4 exits: [*Mat x4]) History --------- Turn | Location | Event 6 | -11/Scrapyard | Discovered new exit (range 16) 147 | -11/Scrapyard | Entered Materials 309 | -10/Materials | Build established: Mutant 353 | -10/Materials | Discovered new exit (range 16) 522 | -10/Materials | Discovered new exit (range 10) 612 | -10/Materials | Discovered new exit (range 16) 679 | -10/Materials | Loaded intel: 1 repair station location 742 | -10/Materials | Identified exit to Materials 797 | -10/Materials | Learned location of 2 exits from Mines 842 | -10/Materials | Learned Storage emergency access door positions 876 | -10/Materials | Identified exit to Mines 876 | -10/Materials | Identified exit to Subcaves 920 | -10/Materials | Learned location of 3 exits from Materials 1061 | -10/Materials | Core integrity fell below 50% 1133 | -10/Materials | Entered Mines 1134 | -10/Mines | Core integrity fell below 20% 1312 | -10/Mines | Assisted by bots powering up and referring to "LRC-V3" 1323 | -10/Mines | Entered Materials 1323 | -9/Materials | Accompanied by 3 allies 1323 | -9/Materials | Evolved 2 slots: Utility x2 1324 | -9/Materials | Identified exit to Materials 1324 | -9/Materials | Identified exit to Mines 1431 | -9/Materials | Lost 3 allies 1497 | -9/Materials | Lost 3 parts (1p1n1w) 1593 | -9/Materials | Discovered exit to Materials (range 5) 1952 | -9/Materials | Learned Storage stockpile data 1972 | -9/Materials | Build established: Scavenger-Mutant 2029 | -9/Materials | Learned Storage terminal intel 2129 | -9/Materials | Core integrity fell below 50% 2195 | -9/Materials | Entered Mines 2278 | -9/Mines | Met a Derelict bent on vengeance 2310 | -9/Mines | Discovered exit to Materials (range 5) 2475 | -9/Mines | Assembled infested the area 2506 | -9/Mines | Core integrity fell below 20% 2535 | -9/Mines | Lost 4 parts (1p1n1u1w) 2541 | -9/Mines | Discovered exit to Materials (range 8) 2651 | -9/Mines | Met a Derelict testing a Signal Generator 2692 | -9/Mines | Found a Scrap Suit stashed away for nefarious purposes 2697 | -9/Mines | Found Scrap Suit 2805 | -9/Mines | Build established: Mutant 2880 | -9/Mines | Discovered new exit (range 7) 3014 | -9/Mines | Deemed a non-threat by the Exiles lab entrance 3023 | -9/Mines | Entered Exiles 3023 | -9/Exiles | Accompanied by 1 ally 3060 | -9/Exiles | Met 8R-AWN 3091 | -9/Exiles | Met EX-HEX 3169 | -9/Exiles | Met EX-DEC 3195 | -9/Exiles | Learned location of Zion (-6) 3370 | -9/Exiles | Met EX-BIN 3392 | -9/Exiles | Aligned with FarCom system 3394 | -9/Exiles | Given EX-Vault access code 3430 | -9/Exiles | Opened EX-Vault 3446 | -9/Exiles | Found Lightpack 2.0 3450 | -9/Exiles | Found Trap Reconfigurator 3455 | -9/Exiles | Found Supersonic Drone Bay 3491 | -9/Exiles | Warned to stay clear of 0b10 Research branches 3592 | -9/Exiles | Discovered new exit (range 10) 3609 | -9/Exiles | Stole three prototypes: Lightpack 2.0, Trap Reconfigurator, Supersonic Drone Bay 3609 | -9/Exiles | Entered Mines 3609 | -8/Mines | Accompanied by 1 ally 3853 | -8/Mines | Discovered exit to Materials (range 9) 3865 | -8/Mines | Entered Materials 3865 | -8/Materials | Accompanied by 1 ally 3865 | -8/Materials | Evolved 2 slots: Utility x2 5893 | -8/Materials | Build established: Hauler-Mutant 5958 | -8/Materials | Discovered new exit (range 7) 6295 | -8/Materials | Discovered new exit (range 5) 6307 | -8/Materials | Identified exit to Garrison 6307 | -8/Materials | Entered Garrison 6357 | -8/Garrison | Triggered checkpoint 6398 | -8/Garrison | Core integrity fell below 50% 6431 | -8/Garrison | Garrison Relay disabled 6461 | -8/Garrison | Triggered checkpoint 6465 | -8/Garrison | Discovered new exit (range 5) 6635 | -8/Garrison | Triggered checkpoint 6713 | -8/Garrison | Triggered checkpoint 6747 | -8/Garrison | Core integrity fell below 20% 6772 | -8/Garrison | Phase Generator disabled 6790 | -8/Garrison | Garrison Relay disabled 6814 | -8/Garrison | Discovered new exit (range 9) 6907 | -8/Garrison | Triggered checkpoint 6957 | -8/Garrison | Discovered new exit (range 8) 7006 | -8/Garrison | Learned Materials security intel 7045 | -8/Garrison | Triggered checkpoint 7080 | -8/Garrison | Garrison Relay disabled 7097 | -8/Garrison | Discovered new exit (range 61) 7097 | -8/Garrison | Discovered new exit (range 33) 7097 | -8/Garrison | Discovered new exit (range 23) 7097 | -8/Garrison | Discovered new exit (range 72) 7155 | -8/Garrison | Triggered checkpoint 7170 | -8/Garrison | Destroyed by G-47 Trooper with Particle Gun Last Messages --------------- 07080_ Unknown Hackware tumbles out of relay unit. 07080_ Relay Coupler [Grunt] tumbles out of relay unit. 07080_ Relay Coupler [Hunter] tumbles out of relay unit. 07085_ Acquired Unknown Hackware. 07088_ Acquired Relay Coupler [Grunt]. 07093_ ALERT: Dispatching investigation squad to Materials. 07093_ System corrupted: Heat flow error (+224). 07097_ Connecting with Garrison Terminal... 07097_ EXIT=FOUND >>Download(Registry) Retrieving Garrison registry... Downloaded map data. Downloaded component registry. Downloaded security status. 07111_ Acquired 20 matter. 07124_ System corrupted: Heat flow error (+181). 07142_ System corrupted: Heat flow error (+149). 07155_ Beams of light sweep through the air. An alarm sounds. 07161_ Y-45 Defender destroyed. Garrison Door activated. Map ----- +----------------------------------------------------+ | ??# #??????????????#"""" """ | | ??# #??????????????### " ######### ####### | | ??# #????????????????# #???????# #?????? | | ??# #????????????????# #?????###+##????? | | ??# #????????????????# #?????# #????? | | ??# #????????????????##### #####?????# < #????? | | ??# #????????????????????# #?????????# #????? | | ??# #????????????????????# #?????????# ###????? | | ??# #????????????????????# ########### #??????? | | ??# #????????????????????# #??????? | | ??# #????????????????????##### ####### #??????? | | ??# #????????????????????????# #?????# #??????? | | ??# #????????????????????????# #?????# #??????? | | ??# #????????????????????????# #?????# #??????? | | ??# #?????????????????######## ####### #??????? | | ### ############??????# ^ ###????? | | ^ # #??????# ^ #???## | | * # #??????# ##### ##### #### ##### | | ## = #### #### #??????# #???# #???# #??# | | ##! #??# #??# #??????# #???# #???# #??# ##### | | ### #??# #??# #??????# ##### ##### #??# #???# | | #?# #??# #??# #??????# #?## ##??# | | #?# =#??# #??# ######## ########### #?#g #??# | | #?#% *#??# #??# ##%*[%## #?????????# ###"""#### | | ###== #### #### ##[[ =## ##????????# | | " [[ @ #????????###T## ###### | | ###= ############### #????? | | ??# #????? | | ??############ ## ## #################????? | | ???????????### ## ## ###??????????????????? | | ???????????# g #??????????????????? | | ???????????# g #??????????????????? | | ???????????# g #??????????????????? | | ???????????# #???????????#####??? | | ####???????### ##^^^^## ###???????????# # #??? | | ########### ## ## #?????????????#" #### | | [[[ ^ ######????????#!! | | #[ % #????????#" #### | | # # ##### ## ^ #### #????????#"# #??? | | #### #???# ### ## ## ##??# #????????### #??? | | ???# #???# #?# ## ! ## #???# #??????????# #??? | | #### #???# #?# ###%#### #???# #??????????# #??? | | #???# #?# #?#=#??# #???# #??????????# ###? | | #### #???# #?# #?# #??# #???# ############ !#? | | #### #???# #?# ### #??# #???# %==%#? | | ## ##### ### #??# #???# ###### #####[%*#? | | # ## #####??# ##### ###### #???#![ #? | | # ## #??????# [[^ #???# #? | | # ## ##### ###++#??????# !% ##### ###? | | # ## #???# #?# #????#### ########### ! #??? | +----------------------------------------------------+ Best States ------------- Heat Dissipation 53 Coolant Potential 50 Energy Generation 14 Energy Capacity 280 Matter Stores 300 Matter Capacity 300 Sight Range 16 Terrain Scan Range 16 Terrain Scan Density 10 Jamming Range 12 Armor Coverage 300 Resistance: EM 15 Propulsion Shielding 66 Weapon Shielding 66 Evasion (%) 50 Recoil Reduction 2 Item Schematics ----------------- None Robot Schematics ------------------ None Fabricated ------------ Nothing Repaired ---------- Nothing Alien Tech Used ----------------- None Achievements -------------- None Challenges ------------ None Game ------ Seed TeleporterDecoderRefractor Manual? 0 Play Time 00:45:31 Cumulative 371.3 hours Start 2025.10.10 @ 11:34:50 End 2025.10.11 @ 18:04:22 Sessions 8 Manual Loads 0 Difficulty Rogue Special Mode None Game No. 488 Rogue 488 Adventurer 0 Explorer 0 Win Type - Total 11 Types 6/0/1/2/1/0/1/0/0/0 Lore% 87 Gallery% 83 Achievement% 70 Wizard Run 0 Options --------- Layout 0 ASCII 0 Keyboard 0 Movement Mouse Keybinds 0 Fullscreen 1 Font 24/Tamsyn Map View 76x50 Zoom Use 0% Tactical HUD 1 Map Filters NONE Filters NONE Steam 1 RUN: 0f3ff3f2-56a3-48ec-a919-e57ab92cb24d